 Dungeon Crawl Stone Soup version 0.15.1-1-gfacfea3 (webtiles) character file.

64 Kashira the Caller (level 3, 14/14 HPs)
             Began as a Felid Summoner on Sept 24, 2014.
             Quit the game on Level 2 of the Dungeon.
             The game lasted 00:08:45 (1901 turns).

Kashira the Caller (Felid Summoner)                 Turns: 1901, Time: 00:08:45

HP  14/14        AC  1     Str  5      XL: 3   Next: 91%
MP   9/9         EV 18     Int 21      God:
Gold 123         SH  0     Dex 16      Spells:  3 memorised,  2 levels left
Lives: 0, deaths: 0

rFire  . . .     SeeInvis +     (weapon unavailable)
rCold  . . .     Clarity  .     (armour unavailable)
rNeg   . . .     rCorr    .     (shield unavailable)
rPois  .         rRot     .     (helmet unavailable)
rElec  .         Spirit   .     (cloak unavailable)
SustAb .         Warding  .     (gloves unavailable)
rMut   .         Stasis   .     (boots unavailable)
Gourm  .                        (no amulet)
MR     .....                    (no ring)
                                a - +5 ring of intelligence

@: quick, not resistant to hostile enchantments, fairly stealthy
A: paw claws, no armour, no weapons or thrown items, fangs 3, see invisible,
carnivore 3, speed 1, shaggy fur 1, slow metabolism 1, jump 1
a: Jump Attack


You were on level 2 of the Dungeon.
You were very full.

You visited 1 branch of the dungeon, and saw 2 of its levels.

You collected 123 gold pieces.

Inventory:

Comestibles
 c - a meat ration
Scrolls
 e - a scroll of enchant armour {unknown}
 g - a scroll of fear {unknown}
 h - a scroll of fog {unknown}
 l - a scroll of random uselessness {unknown}
 m - 2 scrolls of teleportation
Jewellery
 a - a +5 ring of intelligence (left paw)
Potions
 d - 2 potions of brilliance {unknown}
 f - a potion of haste {unknown}
 i - a potion of cancellation {unknown}
 j - a potion of might {unknown}
 k - a potion of curing {unknown}
Books
 b - a book of Callings

   Spells                             Type                      Level
   *Summon Small Mammal               Summoning                    1
   *Call Imp                          Summoning                    2
   *Call Canine Familiar              Summoning                    3
   Summon Guardian Golem              Hexes/Summoning              4
   Summon Lightning Spire             Summoning/Air                4
   Summon Ice Beast                   Ice/Summoning                4


   Skills:
 + Level 0.2 Fighting
 + Level 3.0 Dodging
 - Level 2.6 Stealth
 + Level 3.0 Spellcasting
 + Level 4.7 Summonings


You had 2 spell levels left.
You knew the following spells:

 Your Spells              Type           Power        Failure   Level  Hunger
a - Summon Small Mammal   Summ           ###.         1%          1    None
b - Call Imp              Summ           ###.....     3%          2    ##.....
c - Call Canine Familiar  Summ           ###.....     10%         3    ###....


Dungeon Overview and Level Annotations

Branches:
Dungeon (2/15)

Altars:
Trog


Innate Abilities, Weirdness & Mutations

You cannot wear armour.
You are incapable of wielding weapons or throwing items.
Your paws have sharp claws.
You have razor-sharp teeth.
You have supernaturally acute eyesight.
You are carnivorous and can eat meat at any time.
You cover ground quickly.
You are covered in fur (AC +1).
You have a slow metabolism.
You can jump attack at a short distance.


Message History

There is an open door here.
There is a stone staircase leading down here.
You open the door.
There is an open door here.
Your hound disappears in a puff of smoke!
You now have 123 gold pieces (gained 16).
You swap places.
There is an open door here.
There is a stone staircase leading down here.
There is an open door here.
There is an escape hatch in the ceiling here.
You see here a rotting bat corpse.
You open the door.
There is an open door here.
There is an open door here.
You see here an adder corpse.
A ball python and a kobold come into view.
Found a dagger.
There are monsters nearby!
Are you sure you want to abandon this character and quit the game? (Confirm with "yes".)

..#..###########.#
....># #.....#
###### #.##### #.#
#.# #.# #.#
#.###### #....@.#
######.# .# )# K#
S# .# .. #


You could see a ball python (sleeping) and a kobold (sleeping).

Vanquished Creatures
  2 bats
  A giant cockroach (D:1)
3 creatures vanquished.

Vanquished Creatures (collateral kills)
  Crazy Yiuf (D:2)
  Jessica (D:2)
  2 adders (D:2)
  A worm (D:2)
  A giant gecko (D:2)
  A giant cockroach (D:1)
  4 goblins
  4 hobgoblins
  2 kobolds (D:1)
  3 quokkas (D:2)
  5 bats
  2 giant newts (D:1)
  7 rats
34 creatures vanquished.

Vanquished Creatures (others)
  A crimson imp (D:2)
  2 bats (D:1)
  3 quokkas (D:1)
  5 rats
11 creatures vanquished.

Grand Total: 48 creatures vanquished

Notes
Turn   | Place    | Note
--------------------------------------------------------------
     0 | D:1      | Kashira, the Felid Summoner, began the quest for the Orb.
     0 | D:1      | Reached XP level 1. HP: 7/7 MP: 4/4
   580 | D:1      | Reached XP level 2. HP: 11/11 MP: 3/6
   584 | D:1      | Learned a level 2 spell: Call Imp
  1028 | D:2      | Found a bloodstained altar of Trog.
  1079 | D:2      | Noticed Jessica
  1142 | D:2      | Killed Jessica
  1142 | D:2      | Reached XP level 3. HP: 2/14 MP: 2/8
  1147 | D:2      | Learned a level 3 spell: Call Canine Familiar
  1593 | D:2      | Noticed Crazy Yiuf
  1606 | D:2      | Killed Crazy Yiuf
  1901 | D:2      | Quit the game

Action                   || total
-------------------------++-------
Melee: Unarmed           ||    28
 Cast: Summon Small Mamm ||    39
       Call Imp          ||    24
       Call Canine Famil ||     1
  Use: Scroll            ||     1
  Eat: Chunk             ||    10
